 Dungeon Crawl Stone Soup version 0.20.1-1-g8b1a95d (webtiles) character file.

1491 Gobbopathe the Chopper (level 9, -2/69 HPs)
             Began as a Formicid Abyssal Knight on Sept 1, 2017.
             Was a Priest of Lugonu.
             Slain by Edmund
             ... wielding a +1 dire flail of protection
              (5 damage)
             ... on level 6 of the Dungeon.
             The game lasted 00:19:49 (5734 turns).

Gobbopathe the Chopper (Formicid Abyssal Knight)    Turns: 5734, Time: 00:19:50

Health: -2/69      AC: 11    Str: 20    XL:     9   Next: 7%
Magic:  12/13      EV: 10    Int: 12    God:    Lugonu [***...]
Gold:   415        SH:  0    Dex: 10    Spells: 8/8 levels left

rFire    . . .     SeeInvis +   a - +1 hand axe
rCold    . . .     Gourm    .   (no shield)
rNeg     . . .     Faith    .   r - +0 scale mail
rPois    .         Spirit   .   (helmet unavailable)
rElec    .         Reflect  .   (no cloak)
rCorr    .         Harm     .   (no gloves)
MR       .....                  m - +0 pair of boots
Stlth    ..........             (no amulet)
Regen    0.3/turn               o - ring of wizardry
MPRegen  0.2/turn               z - +3 ring of protection

@: no status effects
A: permanent stasis, dig shafts and tunnels, four strong arms, antennae 3
a: Dig, Shaft Self, Depart the Abyss, Bend Space, Banish, Renounce Religion


You were on level 6 of the Dungeon.
You worshipped Lugonu.
Lugonu was most pleased with you.
You were not hungry.

You visited 1 branch of the dungeon, and saw 6 of its levels.
You visited the Abyss 1 time.
You also visited: Ossuary.

You collected 415 gold pieces.

Inventory:

Hand Weapons
 a - a +1 hand axe (weapon)
 b - a +0 hunting sling
Missiles
 n - 22 bolts
 v - 49 sling bullets
 y - 7 tomahawks of returning (quivered)
 J - 8 javelins
Armour
 m - a +0 pair of boots (worn)
 r - a +0 scale mail (worn)
Jewellery
 o - a ring of wizardry (left hand)
 z - a +3 ring of protection (right hand)
 K - an uncursed ring of protection from cold {unknown}
 L - an uncursed ring of magical power {unknown}
Wands
 i - a wand of paralysis (16/24)
 u - a wand of random effects (25/48)
Scrolls
 d - a scroll of magic mapping {unknown}
 g - 2 scrolls of noise {unknown}
 j - 6 scrolls of remove curse {unknown}
 p - 2 scrolls of enchant weapon {unknown}
 s - 2 scrolls of identify {unknown}
 t - a scroll of random uselessness {unknown}
 w - a scroll of blinking {unknown}
 A - a scroll of immolation {unknown}
 G - 3 scrolls of teleportation {unknown}
 H - a scroll of amnesia {unknown}
Potions
 e - 3 potions of degeneration {unknown}
 k - a potion of berserk rage {unknown}
 l - 2 potions of heal wounds
 q - 2 potions of mutation {unknown}
 x - a potion of haste {unknown}
 B - 2 potions of might {unknown}
 C - a potion of brilliance {unknown}
 D - a potion of curing {unknown}
 E - a potion of lignification {unknown}
 F - 2 potions of agility {unknown}
 M - a potion of ambrosia {unknown}
Comestibles
 c - 4 bread rations
 f - a meat ration
 I - a fruit


   Skills:
 + Level 6.3 Fighting
 * Level 7.2 Axes
 + Level 5.2 Armour
 - Level 0.8 Dodging
 + Level 5.9 Invocations


You had 8 spell levels left.
You didn't know any spells.

Dungeon Overview and Level Annotations

Branches:
Dungeon (6/15)
 Temple: D:4-7

Altars:
Ashenzari
Dithmenos
Fedhas
Okawaru
Qazlal

Annotations:
D:3 Sigmund
D:6 Edmund


Innate Abilities, Weirdness & Mutations

You cannot be hasted, slowed, berserked, paralysed or teleported.
You can dig through walls and to a lower floor.
Your four strong arms can wield two-handed weapons with a shield.
You have a pair of large antennae on your head. (SInv)


Message History

Throwing (i - inventory. (,) - cycle):
y - 8 tomahawks of returning (quivered)
Press: ? - help, Shift-Dir - straight line, f - ogre
Aim: an ogre, wielding a giant spiked club (severely wounded)
You throw a tomahawk of returning.
The tomahawk of returning hits the ogre.
The ogre is almost dead.
The tomahawk of returning fails to return to your pack!
Edmund hits you with a dire flail of protection.
You hit Edmund.
Edmund is heavily wounded.
Edmund hits you but does no damage.
You hit the ogre.
The ogre is almost dead.
Your scale mail prevents you from hitting Edmund.
The ogre hits you with a giant spiked club!!
* * * LOW HITPOINT WARNING * * *
Space bends around you!
You blink.
Edmund says, "People will remember me!
They'll remember me and die!"
Edmund hits you with a dire flail of protection.
You die...

.####...##.###...###
## #.####.#.....#
##.# #.#.#...#
####..####.#.#.#.#
#....##......p(#.###
#.#####>###........#
.(####..####......)#
.......#...{O##@...#
.........######.@..#
..######## #....#
..# #.<..# ..#
###### .## ## #


You could see Edmund and a neutral freed slave (wandering).

Vanquished Creatures
  Pikel (D:5)
  2 ogres
  A centaur (D:5)
  A scorpion (D:6)
  2 crimson imps (D:6)
  A human zombie (Ossuary)
  3 hounds
  2 bullfrog zombies (D:5)
  Ijyb (D:3)
  Terence (D:3)
  2 iguanas
  4 worker ants
  2 big kobold zombies (Ossuary)
  4 mummies (Ossuary)
  6 adders
  3 dart slugs
  3 leopard geckos
  4 orcs
  2 ball pythons
  2 giant cockroaches (D:1)
  3 gnoll zombies (Ossuary)
  12 goblins
  11 hobgoblins
  2 jackals (D:4)
  3 quokkas
  6 bats
  5 frilled lizards
  3 hobgoblin zombies (Ossuary)
  12 kobolds
  2 kobold zombies (Ossuary)
  2 leopard gecko zombies
  8 rats
  A rat zombie (Ossuary)
117 creatures vanquished.

Vanquished Creatures (others)
  A slave (D:6)
  An ogre (D:5)
  A howler monkey (D:6)
3 creatures vanquished.

Grand Total: 120 creatures vanquished

Notes
Turn   | Place    | Note
-------+----------+-------------------------------------------
     0 | Abyss:1  | Gobbopathe the Formicid Abyssal Knight began the quest for the Orb.
     0 | Abyss:1  | Reached XP level 1. HP: 18/18 MP: 2/2
    10 | Abyss:1  | Found a corrupted altar of Lugonu.
    74 | Abyss:1  | Noticed a shadow wraith
    85 | Abyss:1  | Noticed a small abomination
    86 | D:1      | Escaped the Abyss
   240 | D:1      | Reached XP level 2. HP: 24/24 MP: 3/3
   406 | D:1      | Reached * piety under Lugonu
   493 | D:1      | You fall through a shaft!
   512 | D:2      | Reached XP level 3. HP: 29/29 MP: 4/4
   549 | D:2      | Reached skill level 3 in Axes
   810 | D:1      | Reached XP level 4. HP: 37/37 MP: 6/6
  1198 | D:2      | Reached ** piety under Lugonu
  1505 | D:3      | Noticed Terence
  1527 | D:3      | Killed Terence
  1624 | D:3      | Reached XP level 5. HP: 42/42 MP: 7/7
  1628 | D:3      | Noticed Ijyb
  1663 | D:3      | Killed Ijyb
  1772 | D:3      | Noticed Sigmund
  1841 | D:4      | Noticed an ogre
  2112 | D:4      | Noticed an ogre
  2227 | D:4      | Reached skill level 4 in Axes
  2405 | D:4      | Reached XP level 6. HP: 40/49 MP: 8/8
  2478 | D:4      | Killed an ogre
  3036 | D:4      | Reached XP level 7. HP: 53/55 MP: 9/9
  3131 | D:5      | Entered Level 5 of the Dungeon
  3205 | D:5      | Found a sand-covered staircase.
  3214 | Ossuary  | Entered an ossuary
  3230 | Ossuary  | Reached *** piety under Lugonu
  3237 | Ossuary  | Reached skill level 5 in Fighting
  3237 | Ossuary  | Reached skill level 5 in Axes
  3989 | D:5      | Noticed a steam dragon
  4371 | D:5      | Reached XP level 8. HP: 58/62 MP: 11/11
  4629 | D:5      | Found a stormy altar of Qazlal.
  4632 | D:5      | Found a blossoming altar of Fedhas.
  4632 | D:5      | Found a shattered altar of Ashenzari.
  4634 | D:5      | Found a shadowy altar of Dithmenos.
  4894 | D:5      | Found an iron altar of Okawaru.
  4988 | D:5      | Reached skill level 6 in Axes
  5366 | D:6      | Noticed Pikel
  5412 | D:5      | Killed Pikel
  5412 | D:5      | Reached skill level 7 in Axes
  5412 | D:5      | Reached skill level 5 in Armour
  5412 | D:5      | Reached skill level 5 in Invocations
  5598 | D:6      | Reached XP level 9. HP: 69/69 MP: 13/13
  5711 | D:6      | Noticed Edmund
  5718 | D:6      | HP: 3/69 [ogre/giant spiked club (28)]
  5734 | D:6      | Slain by Edmund

Skill      XL: |  1  2  3  4  5  6  7  8 |
---------------+-------------------------+-----
Axes           | 3 4 5 7 |  7.2
Invocations    | 3 4 5 |  5.9
Fighting       | 4 5 6 |  6.3
Armour         | 3 4 5 |  5.2
Dodging        | |  0.8

Action                   |  1- 3 |  4- 6 |  7- 9 || total
-------------------------+-------+-------+-------++-------
Melee: Hand axe          |   106 |   156 |   166 ||   428
 Fire: Hunting sling     |       |    39 |    94 ||   133
Throw: Stone             |     2 |       |       ||     2
       Tomahawk          |       |       |     1 ||     1
Invok: Depart the Abyss  |     1 |       |       ||     1
       Bend Space        |       |     1 |     2 ||     3
       Banish            |       |       |     1 ||     1
 Abil: Dig               |       |     1 |     1 ||     2
  Use: Potion            |       |       |     1 ||     1
 Stab: Distracted        |       |       |     1 ||     1
  Eat: Chunk             |       |     7 |     4 ||    11
       Meat ration       |       |       |     1 ||     1
Armor: Ring mail         |    33 |    12 |       ||    45
       Scale mail        |       |    62 |    91 ||   153
Dodge: Dodged            |    57 |    86 |    96 ||   239
